Map: 포트 알렉산더 - 래더

Players

Losira

  • Race: Zerg Zerg
  • League: Master
  • Spawn Location: 5:00

Classic - Winner!

  • Race: Protoss Protoss
  • League: Master
  • Spawn Location: 11:00

Event: IEM Season 13 - Katowice Server Qualifiers Asia 2

VOD

Have the link to the VOD?

Description

Time

  • Played on: Jan. 22, 2019, 4:39 a.m.
  • Length: 11:48

All games in this series

Show
View Real Time Build Order
Export as new Build Order

Losira Zerg 

Build Orders: 3 Hatch before Pool 

Get SALT Encoding   

  12  0:01  Drone  
  13  0:12  Drone  
  14  0:14  Extractor  
  14  0:15  Drone  
  15  0:23  Overlord  
  15  0:46  Hatchery  
  14  0:50  Drone  
  14  0:54  Drone  
  16  1:19  Hatchery  
  16  1:20  Drone  
  16  1:24  Drone  
  17  1:29  Drone  
  18  1:38  Extractor  
  17  1:45  Spawning Pool  
  16  1:47  Drone  
  16  1:50  Drone  
  18  1:54  Drone  
  18  1:59  Drone  
  18  2:00  Evolution Chamber  
  20  2:04  Drone  
  21  2:14  Overlord  
  21  2:31  Queen x2  
  21  2:32  Zergling x8  
  21  2:36  Zergling x2  
  30  2:42  Zergling x2, Metabolic Boost  
  31  2:46  Drone  
  32  2:52  Drone  
  33  3:05  Spore Crawler  
  29  3:07  Drone  
  29  3:10  Drone x2  
  30  3:14  Drone  
  30  3:19  Drone  
  33  3:26  Hatchery  
  32  3:30  Drone x2  
  34  3:39  Drone  
  35  3:43  Overlord  
  35  3:46  Drone  
  36  3:52  Spore Crawler x2  
  36  3:53  Drone x2  
  36  4:02  Drone x2  
  38  4:03  Drone x2  
  38  4:05  Drone  
  41  4:11  Queen  
  41  4:14  Drone  
  44  4:19  Overlord  
  44  4:22  Overlord  
  44  4:38  Drone x2  
  46  4:39  Drone x2  
  46  4:41  Queen, Overlord  
  46  4:45  Drone x3  
  52  4:46  Drone  
  52  4:48  Drone  
  52  4:51  Drone  
  55  4:53  Drone  
  55  4:54  Drone  
  56  5:00  Extractor, Drone x3  
  56  5:05  Spore Crawler  
  57  5:08  Drone  
  57  5:09  Roach Warren  
  57  5:15  Drone x2  
  57  5:16  Drone  
  57  5:22  Lair  
  57  5:25  Drone  
  57  5:26  Drone x3  
  61  5:29  Overlord  
  61  5:30  Drone  
  61  5:33  Drone  
  61  5:35  Extractor  
  62  5:36  Drone x2  
  62  5:39  Overlord  
  62  5:42  Drone  
  64  5:43  Drone  
  64  5:46  Overlord  
  64  5:50  Drone  
  64  5:51  Drone  
  64  5:53  Overlord  
  65  5:58  Drone  
  65  5:59  Evolution Chamber  
  65  6:01  Roach x3  
  65  6:04  Roach  
  73  6:09  Overlord  
  73  6:13  Roach x4  
  73  6:16  Overlord  
  73  6:18  Roach  
  83  6:20  Glial Reconstitution  
  83  6:25  Roach x2  
  87  6:27  Overlord  
  87  6:32  Zerg Missile Weapons Level 1  
  87  6:36  Queen  
  87  6:39  Drone  
  89  6:42  Roach  
  89  6:43  Roach x2  
  90  6:55  Roach x2  
  90  6:58  Roach  
  94  7:01  Roach  
  94  7:05  Roach, Queen  
  88  7:10  Zergling x6  
  88  7:16  Roach x2  
  88  7:22  Overlord x2  
  92  7:23  Roach x2  
  92  7:28  Roach, Extractor  
  92  7:29  Roach  
  99  7:32  Roach  
  99  7:35  Drone  
  99  7:36  Extractor, Drone x2  
  103  7:38  Drone  
  103  7:39  Roach x2  
  103  7:41  Overlord x2  
  108  7:52  Roach x5  
  108  7:55  Overlord x2  
  117  7:59  Roach  
  117  8:05  Roach x5  
  129  8:08  Roach  
  129  8:09  Roach  
  129  8:11  Roach  
  135  8:17  Roach x3  
  137  8:22  Roach  
  137  8:23  Roach x2  
  137  8:25  Roach  
  143  8:27  Roach  
  143  8:28  Roach  
  143  8:33  Ravager, Zergling x2  
  143  8:34  Zergling x10  
  154  8:38  Roach  
  154  8:41  Roach x2  
  159  8:48  Roach  
  159  8:53  Roach x3  
  159  8:55  Roach  
  167  8:59  Roach  
  167  9:02  Roach  
  161  9:10  Roach x3  
  161  9:13  Roach x2  
  161  9:14  Roach  
  161  9:16  Roach x3  
  167  9:17  Roach  
  167  9:18  Roach  
  167  9:19  Zergling x4  
  157  9:26  Roach x2  
  157  9:28  Roach  
  157  9:30  Roach x2  
  137  9:34  Roach  
  137  9:36  Roach  
  137  9:37  Roach  
  122  9:39  Roach  
  122  9:40  Roach  
  122  9:42  Roach  
  122  9:45  Ravager x2  
  130  9:46  Roach  
  130  9:49  Roach x2  
  138  9:53  Roach  
  138  9:58  Roach x2  
  142  10:02  Roach  
  144  10:09  Roach x5  
  144  10:11  Roach  
  144  10:14  Roach x2  
  160  10:16  Roach  
  160  10:18  Roach  
  160  10:21  Roach  
  166  10:23  Roach  
  166  10:24  Overlord  
  166  10:27  Roach  
  170  10:33  Overlord  
  167  10:45  Roach x6  
  168  10:50  Roach x3  
  168  10:53  Ravager  
  168  10:54  Ravager  
  168  10:56  Roach x3  
  174  11:00  Roach  
  174  11:02  Roach  
  168  11:05  Roach x2  
  168  11:07  Roach  
  158  11:11  Roach  
  158  11:12  Roach  
  160  11:19  Ravager  
  160  11:20  Roach  
  160  11:21  Roach x3  
  160  11:24  Roach  
Show
View Real Time Build Order
Export as new Build Order

Classic Protoss - Winner!

Build Orders: Oracle Opening, Phoenix Opening, Archon Immortal, Archon Drop 

Get SALT Encoding   

  12  0:00  Probe  
  13  0:12  Probe  
  14  0:18  Pylon  
  14  0:24  Probe  
  15  0:32  Probe  
  15  0:39  Gateway  
  15  0:40  Probe  
  16  0:48  Assimilator  
  17  0:51  Probe  
  18  1:03  Probe  
  19  1:15  Probe  
  19  1:18  Zealot  
  20  1:26  Cybernetics Core  
  20  1:30  Pylon  
  20  1:31  Probe  
  23  1:37  Assimilator  
  23  1:47  Probe  
  24  1:54  Adept  
  24  2:00  Probe  
  27  2:10  Assimilator  
  27  2:21  Nexus  
  27  2:36  Stargate  
  27  2:38  Probe  
  28  2:45  Pylon  
  28  2:48  Adept  
  30  2:53  Probe  
  31  3:05  Probe  
  30  3:13  Warp Gate  
  30  3:15  Adept  
  30  3:17  Probe  
  33  3:26  Oracle  
  36  3:28  Gateway  
  36  3:29  Probe  
  36  3:33  Probe  
  38  3:37  Probe  
  38  3:45  Probe  
  38  3:47  Probe  
  41  3:57  Probe  
  41  3:58  Assimilator, Phoenix  
  41  3:59  Probe  
  41  4:00  Assimilator  
  43  4:09  Probe  
  46  4:12  Probe, Pylon  
  47  4:19  Robotics Facility  
  47  4:22  Probe  
  47  4:24  Probe  
  49  4:28  Twilight Council  
  49  4:34  Probe  
  49  4:36  Probe  
  51  4:46  Probe  
  51  4:48  Probe  
  51  4:49  Gateway  
  51  4:50  Gateway  
  53  4:54  Pylon  
  53  4:58  Probe  
  54  5:00  Probe  
  54  5:02  Warp Prism  
  54  5:05  Charge, Templar Archives  
  57  5:25  Zealot  
  57  5:26  Zealot  
  57  5:28  Pylon  
  61  5:33  Probe  
  62  5:48  Nexus  
  62  5:51  Pylon  
  62  5:54  Pylon  
  62  5:55  Probe x2  
  62  5:56  Observer  
  65  6:02  High Templar x2  
  65  6:03  High Templar x2  
  71  6:06  Archon  
  71  6:07  Archon  
  71  6:10  Probe x2  
  71  6:11  Immortal, Forge  
  73  6:16  Gateway x2  
  73  6:24  Probe x2  
  79  6:30  Gateway  
  79  6:46  Zealot x4  
  87  6:54  Probe x2  
  85  7:08  Immortal  
  87  7:17  Zealot x3  
  87  7:18  Zealot x3  
  87  7:21  Gateway  
  87  7:22  Protoss Ground Weapons Level 1, Pylon  
  97  7:27  Probe x3  
  100  7:37  Robotics Facility  
  100  7:39  Probe x3  
  103  7:44  Immortal  
  103  7:51  Psionic Storm  
  107  7:56  Assimilator  
  107  7:57  Probe x3  
  109  7:59  Assimilator  
  109  8:06  Zealot  
  109  8:07  Zealot x2  
  109  8:08  High Templar  
  109  8:10  Pylon  
  117  8:12  Pylon  
  117  8:15  High Templar  
  117  8:16  Immortal  
  117  8:17  High Templar  
  110  8:23  Immortal  
  112  8:28  Probe x2, Pylon  
  112  8:29  Probe  
  119  8:39  Photon Cannon  
  119  8:40  Photon Cannon  
  119  8:45  High Templar  
  119  8:46  High Templar x2  
  125  8:50  Archon  
  123  9:00  Immortal  
  131  9:02  Immortal  
  131  9:03  Zealot  
  129  9:11  Zealot x4  
  120  9:29  Archon  
  120  9:31  Zealot x3  
  111  9:35  Probe x3  
  111  9:37  Immortal  
  112  9:42  Immortal  
  110  9:47  Probe x3  
  121  10:01  High Templar x3  
  121  10:06  Probe x2  
  130  10:10  High Templar  
  130  10:11  Assimilator  
  130  10:13  High Templar, Pylon  
  133  10:14  Pylon  
  133  10:15  Pylon  
  133  10:17  Archon  
  133  10:25  Photon Cannon  
  133  10:35  Zealot x2  
  133  10:36  Zealot x3  
  133  10:39  Immortal x2  
  129  10:58  Sentry  
  129  10:59  Sentry x3  
  129  11:03  Zealot x2  
  139  11:12  Zealot x2  
  149  11:37  Archon  
  131  11:41  Zealot x5  

Tags
 
Add a new tag
Caveats
  • Supply blocks, unpowered buildings, or Contaminate may cause inaccurate times.
  • Supply counts are checked every 10 seconds.